 Dungeon Crawl Stone Soup version 0.28.0-53-g5a82cb258f (webtiles) character file.

Game seed: 14999435220708761289

97519 Infinimo the Swashbuckler (level 16, -3/105 HPs)
             Began as a Kobold Berserker on June 12, 2022.
             Was a High Priest of Trog.
             Slain by a cyan ugly thing (13 damage)
             ... on level 13 of the Dungeon.
             The game lasted 00:47:21 (29691 turns).

Infinimo the Swashbuckler (Kobold Berserker)       Turns: 29691, Time: 00:47:21

Health: -3/105     AC: 20    Str: 14    XL:     16   Next: 70%
Magic:  16/16      EV: 19    Int: 11    God:    Trog [*****.]
Gold:   1257       SH:  8    Dex: 20    Spells: 15/15 levels left

rFire   + . .      SeeInvis .   v - +5 rapier (speed)
rCold   . . .      Faith    .   h - +0 buckler
rNeg    + . .      Spirit   .   t - +0 pearl dragon scales
rPois   .          Reflect  .   l - +1 hat
rElec   .          Harm     .   L - +1 cloak
rCorr   .          Rampage  .   i - +0 pair of gloves
Will    +....                   k - +2 pair of boots
Stlth   ++++++....              J - amulet of regeneration
HPRegen 1.07/turn               m - ring of protection from fire
MPRegen 0.15/turn               Q - +4 ring of slaying

@: mighty, on berserk cooldown, slowed, very slow
A: small, no large weapons, nightstalker 3
a: Renounce Religion, Berserk, Trog's Hand, Brothers in Arms


You were on level 13 of the Dungeon.
You worshipped Trog.
Trog was extremely pleased with you.
You visited 4 branches of the dungeon, and saw 23 of its levels.
You also visited: Bailey.

You collected 2223 gold pieces.
You spent 966 gold pieces at shops.

Inventory:

Hand Weapons
 v - a +5 rapier of speed (weapon)
Missiles
 q - a throwing net (quivered)
Armour
 h - a +0 buckler (worn)
 i - a +0 pair of gloves (worn)
 k - a +2 pair of boots (worn)
 l - a +1 hat (worn)
 t - +0 pearl dragon scales (worn)
 L - a +1 cloak (worn)
Jewellery
 g - a ring of positive energy
 m - a ring of protection from fire (left hand)
 z - a ring of resist corrosion
 J - an amulet of regeneration (around neck)
 Q - a +4 ring of slaying (right hand)
Wands
 o - a wand of polymorph (13)
 p - a wand of charming (6)
 y - a wand of acid (17)
 F - a wand of iceblast (30)
 G - a wand of flame (24)
Scrolls
 a - a scroll of fog
 j - 3 scrolls of magic mapping
 s - 9 scrolls of identify
 w - 4 scrolls of amnesia
 x - 2 scrolls of holy word
 B - 3 scrolls of noise
 D - 2 scrolls of enchant weapon
 H - 4 scrolls of enchant armour
Potions
 b - a potion of might
 d - 2 potions of ambrosia
 n - 3 potions of attraction
 r - a potion of degeneration
 u - a potion of mutation
 A - a potion of flight
 C - a potion of brilliance
 E - 2 potions of lignification
 I - a potion of resistance
 M - 7 potions of curing
 P - a potion of magic


   Skills:
 + Level 13.7 Fighting
 + Level 18.5 Short Blades
 + Level 5.7 Armour
 + Level 14.7 Dodging
 + Level 17.0 Stealth
 + Level 10.2 Shields


You had 15 spell levels left.
You didn't know any spells.
Your spell library was empty.

Dungeon Overview and Level Annotations

Branches:
Dungeon (13/15)            Temple (0/1) D:6            Lair (6/6) D:9
  Swamp (0/4) Lair:2        Snake (0/4) Lair:3        Slime (0/5) Lair:6
    Orc (2/2) D:12            Elf (2/3) Orc:2        Vaults (0/5) D:13
 Bailey (visited)

Altars:
Ashenzari
Dithmenos
Fedhas
Gozag
Kikubaaqudgha
Makhleb
Okawaru
Qazlal
Ru
Sif Muna
Uskayaw
Xom
Yredelemnul

Shops:
D:2 [   Orc:2 *=**

Annotations:
D:13 Rupert
Elf:1 2 transporters, Gabide's ghost, veteran VSMo
Elf:2 Saint Roka


Innate Abilities, Weirdness & Mutations

You are small and have problems with some larger weapons.
You are completely attuned to the shadows.


Message History

Unknown command.
Okay, then.
Okay, then.
You puncture Rupert!
Rupert is lightly wounded.
You puncture Rupert!
Rupert is lightly wounded.
Rupert hits you with a +2 vorpal great sword!
You feel very mighty all of a sudden.
Rupert roars madly and goes into a rage!
Rupert goes berserk!
Okay, then.
You hit Rupert.
Rupert is lightly wounded.
Rupert barely misses you.
You are confused.
You feel invigorated. Rupert misses you.
Rupert hits you with a +2 vorpal great sword!!
Rupert hits you with a +2 vorpal great sword!!
* * * LOW HITPOINT WARNING * * *
x2 Rupert misses you.
Okay, then.
Okay, then.
You feel better.
You feel less invigorated. Rupert misses you. Rupert closely misses you.
Your ogre goes berserk!
Rupert barely misses you.
Rupert hits you with a +2 vorpal great sword!!
* * * LOW HITPOINT WARNING * * *
x2 Rupert barely misses you.
You hear a horrible gurgling sound!
Your ogre hits Rupert with a +0 giant club!
Rupert hits your ogre with a +2 vorpal great sword!!
Rupert hits your ogre with a +2 vorpal great sword!!!
Your ogre dies!
Your ogre's corpse disappears in a puff of smoke!
The cyan ugly thing claws you!
* * * LOW HITPOINT WARNING * * *
The cyan ugly thing shocks you!
You die...

#......................<
#.......................
#.......................
#......###'######.......
#......#........#.......
#......#........#.......
#......#........#.......
#......######'###.......
......§@@u...............
....(.....................
..........................
.........##'#.....######.
........#..#))...# #†
#..#)....# #. ...#.....#
#. #.....# #.
#.....######.


You could see Rupert (berserk) and a cyan ugly thing.

Vanquished Creatures
  Asterion (Elf:1)
  Kirke (D:13)
  An ironbound preserver (D:13)
  Azrael (D:12)
  The ghost of Infinimo the Basher, a journeyman OgGl of Okawaru (D:11)
  2 deep elf death magi (Elf:1)
  Fannar (Lair:1)
  10 hydras
  2 boulder beetles
  2 anacondas (Lair:6)
  4 ogre magi
  A catoblepas (Lair:4)
  A centaur warrior (D:13)
  3 dancing weapons (Elf:1)
  13 two-headed ogres
  2 death yaks (Lair:4)
  An orc high priest (Orc:1)
  Urug (Orc:1)
  9 deep elf knights
  4 large abominations (Elf:1)
  A necromancer (Lair:4)
  2 orc knights
  5 deep elf pyromancers
  6 deep elf zephyrmancers
  A manticore (D:13)
  2 orc sorcerers
  3 cyclopes
  3 ugly things
  4 black mambas
  Maurice (Orc:2)
  8 elephants (Lair:3)
  14 cane toads
  2 torpor snails
  A kobold demonologist (D:12)
  2 rime drakes (Lair:5)
  Psyche (D:9)
  2 unseen horrors
  8 komodo dragons
  A tengu conjurer (D:11)
  10 polar bears
  8 blink frogs
  4 trolls
  14 dream sheep
  A raiju (Lair:6)
  7 slime creatures
  A meliai zombie (D:10)
  2 water elementals (Elf:1)
  An air elemental (Elf:1)
  2 wraiths
  43 yaks
  8 spriggans (Bailey)
  4 basilisks
  A hog (D:13)
  4 wyverns
  4 fire elementals
  Eustachio (D:4)
  2 steam dragons
  10 vampire mosquitoes
  10 wargs
  12 water moccasins
  19 hell hounds
  16 orc warriors
  3 ice beasts (D:6)
  16 black bears
  32 ogres
  28 wolves
  12 centaurs
  2 phantoms
  3 elf zombies (Elf:1)
  A kobold brigand (D:8)
  9 bullfrogs
  A wyvern zombie (D:6)
  An earth elemental (Elf:1)
  A gnoll sergeant (D:13)
  2 water moccasin zombies
  7 scorpions
  9 killer bees
  5 electric eels
  12 wights
  6 howler monkeys
  4 bullfrog zombies (D:6)
  4 centaur zombies
  2 hounds (D:4)
  A jelly (D:6)
  13 orc priests
  A bullfrog skeleton (D:7)
  5 iguanas
  29 orc wizards
  2 polar bear simulacra (Lair:4)
  4 wolf simulacra (Lair:4)
  5 yak simulacra (Lair:4)
  A killer bee zombie (D:6)
  A hound skeleton (D:5)
  2 howler monkey zombies
  5 gnolls
  A howler monkey skeleton (D:6)
  7 adders
  2 white imps (D:6)
  An ufetubus (D:5)
  2 worms
  3 dart slugs
  64 orcs
  6 endoplasms
  A giant cockroach (D:3)
  6 goblins
  A hobgoblin (D:2)
  4 jackals (D:1)
  A quokka (D:5)
  10 ball pythons
  3 bats
  3 frilled lizards
  11 kobolds
  3 rats
670 creatures vanquished.

Vanquished Creatures (others)
  2 humans (D:13)
  13 fungi
  54 plants
69 creatures vanquished.

Grand Total: 739 creatures vanquished

Notes
Turn   | Place    | Note
-------+----------+-------------------------------------------
     0 | D:1      | Infinimo the Kobold Berserker began the quest for the Orb.
     0 | D:1      | Reached XP level 1. HP: 14/14 MP: 1/1
   184 | D:1      | Reached XP level 2. HP: 19/19 MP: 2/2
   226 | D:1      | Reached skill level 1 in Stealth
   623 | D:1      | Reached XP level 3. HP: 17/23 MP: 3/3
  1509 | D:2      | Found Ydaofon's Armour Shop.
  1514 | D:2      | Bought a +0 buckler for 49 gold pieces
  1566 | D:2      | Found a shimmering altar of Xom.
  1612 | D:2      | Reached skill level 5 in Short Blades
  1612 | D:2      | Reached XP level 4. HP: 29/29 MP: 4/4
  1865 | D:2      | Found a faded altar of an unknown god.
  2729 | D:4      | Reached XP level 5. HP: 30/31 MP: 5/5
  2806 | D:4      | Noticed a phantom
  2820 | D:4      | Killed a phantom
  2821 | D:4      | Reached skill level 1 in Shields
  2963 | D:4      | Reached XP level 6. HP: 38/38 MP: 6/6
  3089 | D:4      | Reached skill level 6 in Short Blades
  3143 | D:4      | Found a sacrificial altar of Ru.
  3311 | D:4      | Noticed an ogre
  3324 | D:4      | Killed an ogre
  3386 | D:4      | Reached XP level 7. HP: 44/44 MP: 7/7
  3548 | D:4      | Noticed Eustachio
  3561 | D:4      | Killed Eustachio
  3562 | D:4      | Reached skill level 7 in Short Blades
  3725 | D:5      | Entered Level 5 of the Dungeon
  4049 | D:5      | Reached XP level 8. HP: 48/48 MP: 8/8
  4194 | D:5      | Reached skill level 5 in Fighting
  4291 | D:5      | Reached skill level 8 in Short Blades
  4367 | D:6      | Reached skill level 5 in Dodging
  4367 | D:6      | Reached skill level 5 in Stealth
  4558 | D:6      | Found a basalt altar of Yredelemnul.
  4650 | D:6      | Reached skill level 9 in Short Blades
  4650 | D:6      | Reached XP level 9. HP: 54/54 MP: 9/9
  5405 | D:6      | Reached skill level 10 in Short Blades
  5939 | D:6      | Found a staircase to the Ecumenical Temple.
  6235 | D:7      | Found an ancient bone altar of Kikubaaqudgha.
  6271 | D:7      | Reached ** piety under Trog
  7070 | D:7      | Reached XP level 10. HP: 61/61 MP: 10/10
  7353 | D:7      | Found a stormy altar of Qazlal.
  7535 | D:8      | Found an opulent altar of Gozag.
  7601 | D:8      | Reached skill level 11 in Short Blades
  7781 | D:8      | Found a blossoming altar of Fedhas.
  7918 | D:8      | Noticed a +0 short sword
  7918 | D:8      | Noticed a +0 spear
  7918 | D:8      | Noticed a +0 short sword
  7920 | D:8      | Noticed a +0 spear
  7921 | D:8      | Noticed a +0 falchion
  7921 | D:8      | Noticed a +0 falchion
  7921 | D:8      | Noticed a +0 dagger
  7922 | D:8      | Noticed a +0 dagger
  7952 | D:8      | Found a hide-covered altar of Uskayaw.
  8266 | D:8      | Found a shimmering blue altar of Sif Muna.
  8347 | D:8      | Identified the +3 dagger "Dragonbane" {flame, rF- Int+2
                  | Dex+3}
  8598 | D:9      | Reached *** piety under Trog
  8604 | D:9      | Reached skill level 12 in Short Blades
  8658 | D:9      | Noticed a cyclops
  8661 | D:9      | Killed a cyclops
  8936 | D:9      | Reached skill level 5 in Shields
  9071 | D:9      | HP: 1/64 [wyvern (10)]
  9331 | D:9      | Noticed Psyche
  9337 | D:9      | Killed Psyche
  9354 | D:9      | Reached XP level 11. HP: 68/68 MP: 11/11
  9459 | D:9      | Found a staircase to the Lair.
  9966 | D:10     | Entered Level 10 of the Dungeon
 10196 | D:10     | Found a burning altar of Makhleb.
 10225 | D:10     | Found a flagged portal.
 10246 | Bailey   | Entered a bailey
 10323 | Bailey   | Reached skill level 13 in Short Blades
 10331 | Bailey   | HP: 1/68 [spriggan/+0 trident (10)]
 10342 | Bailey   | HP: 2/68 [spriggan/+0 trident (1)]
 10669 | Bailey   | Identified the +1 fire dragon scales "Earthly Heaven"
                  | {-Cast rF++ rC- Str+3 Slay+2 Stlth+}
 10686 | Bailey   | Noticed a two-headed ogre
 10708 | Bailey   | Killed a two-headed ogre
 11155 | D:10     | Reached skill level 10 in Stealth
 11366 | D:10     | Reached **** piety under Trog
 11444 | D:10     | Found a large runed translucent door.
 11445 | D:10     | Found a large runed translucent door.
 11455 | D:10     | Noticed a cyclops
 11518 | D:10     | Found a shadowy altar of Dithmenos.
 11800 | D:10     | Reached skill level 14 in Short Blades
 12252 | D:10     | Noticed a naga warrior
 12256 | D:10     | Found an iron altar of Okawaru.
 12785 | D:11     | Noticed a boulder beetle
 12805 | D:11     | Killed a boulder beetle
 12806 | D:11     | Reached XP level 12. HP: 67/75 MP: 12/12
 13302 | D:11     | Found an iron altar of Okawaru.
 13746 | D:11     | Found a runed translucent door.
 13747 | D:11     | Noticed Infinimo's ghost (journeyman OgGl)
 14311 | D:11     | Killed Infinimo's ghost
 14451 | D:12     | Noticed a boulder beetle
 14455 | D:12     | Killed a boulder beetle
 14787 | D:12     | Noticed a four-headed hydra
 14791 | D:12     | Killed a four-headed hydra
 14792 | D:12     | Reached skill level 10 in Dodging
 14797 | D:12     | Found a staircase to the Orcish Mines.
 14872 | D:12     | Found a sacrificial altar of Ru.
 15149 | D:12     | Noticed Azrael
 15220 | D:12     | Killed Azrael
 15270 | D:12     | Noticed a seven-headed hydra
 15591 | D:12     | Killed a seven-headed hydra
 15654 | D:12     | Reached skill level 10 in Fighting
 15654 | D:12     | Reached skill level 15 in Short Blades
 16334 | D:12     | Reached XP level 13. HP: 82/82 MP: 13/13
 16738 | D:13     | Noticed a centaur warrior
 16739 | D:13     | Noticed a catoblepas
 16824 | D:13     | Found a gate to the Vaults.
 16824 | D:13     | Noticed an ironbound preserver
 17099 | Lair:1   | Entered Level 1 of the Lair of Beasts
 17887 | Lair:1   | Noticed a seven-headed hydra
 17891 | Lair:1   | Killed a seven-headed hydra
 18056 | Lair:1   | Noticed Fannar
 18060 | Lair:1   | Killed Fannar
 18785 | Lair:2   | Found a staircase to the Swamp.
 18891 | Lair:2   | Found an opulent altar of Gozag.
 19578 | Lair:2   | Reached skill level 16 in Short Blades
 19811 | Lair:3   | Noticed an eight-headed hydra
 19812 | Lair:3   | Killed an eight-headed hydra
 19980 | Lair:3   | Reached XP level 14. HP: 76/90 MP: 14/14
 20255 | Lair:3   | Found a staircase to the Snake Pit.
 23039 | Lair:5   | Found a frozen archway.
 23230 | Lair:5   | Reached skill level 17 in Short Blades
 23470 | Lair:6   | Entered Level 6 of the Lair of Beasts
 23558 | Lair:6   | Reached skill level 15 in Stealth
 23744 | Lair:6   | Found a staircase to the Slime Pits.
 23967 | Lair:6   | Reached XP level 15. HP: 97/97 MP: 15/15
 24162 | Lair:6   | Identified the +1 rapier of Oozing Pus {flame, Str+3}
 24461 | Lair:6   | Reached ***** piety under Trog
 25420 | Orc:1    | Entered Level 1 of the Orcish Mines
 25426 | Orc:1    | Noticed Urug
 25462 | Orc:1    | Killed Urug
 25808 | Orc:2    | Entered Level 2 of the Orcish Mines
 25808 | Orc:2    | Found a staircase to the Elven Halls.
 25834 | Orc:2    | Found Papogew's Assorted Antiques.
 25834 | Orc:2    | Found Sozxonom's General Store.
 25835 | Orc:2    | Found Buatom's Jewellery Shop.
 25835 | Orc:2    | Found Inguk's Assorted Antiques.
 25835 | Orc:2    | Noticed Maurice
 25988 | Orc:2    | Killed Maurice
 26235 | Orc:2    | Received a gift from Trog
 26605 | Orc:2    | Bought a brown potion for 25 gold pieces
 26605 | Orc:2    | Bought a glowing cloak for 210 gold pieces
 26605 | Orc:2    | Bought a fuming ruby potion for 25 gold pieces
 26605 | Orc:2    | Bought an ivory ring for 140 gold pieces
 26678 | Orc:2    | Bought a potion of curing for 111 gold pieces
 26678 | Orc:2    | Bought a scroll of enchant weapon for 277 gold pieces
 26678 | Orc:2    | Bought a scroll of magic mapping for 129 gold pieces
 26991 | Orc:1    | Reached skill level 18 in Short Blades
 27300 | Elf:1    | Entered Level 1 of the Elven Halls
 27302 | Elf:1    | Reached XP level 16. HP: 104/104 MP: 16/16
 27787 | Elf:1    | Found a transporter.
 27795 | Elf:1    | Noticed Asterion
 27796 | Elf:1    | Paralysed by an air elemental for 1 turns
 27802 | Elf:1    | Paralysed by an air elemental for 1 turns
 27804 | Elf:1    | Paralysed by an air elemental for 1 turns
 27913 | Elf:1    | Reached skill level 5 in Armour
 27954 | Elf:1    | Killed Asterion
 28055 | Elf:1    | Found a transporter.
 28057 | Elf:1    | Identified the +10 scale mail "Faxuan" {Slay+2 Stlth+}
 28221 | Elf:1    | Reached skill level 10 in Shields
 28399 | Elf:1    | Received a gift from Trog
 28469 | Elf:1    | Noticed a storm dragon
 28469 | Elf:1    | a minotaur changed into a storm dragon
 28715 | Elf:2    | Noticed Saint Roka
 29079 | Elf:1    | Noticed Gabide's ghost (veteran VSMo)
 29247 | D:13     | Found a broken altar of Ashenzari.
 29414 | D:13     | Noticed Kirke
 29447 | D:13     | HP: 5/105 [centaur[a centaur warrior] (2)]
 29466 | D:13     | Killed Kirke
 29670 | D:13     | Noticed Rupert
 29677 | D:13     | Paralysed by Rupert for 5 turns
 29691 | D:13     | Slain by a cyan ugly thing

Illustrated notes

Levels and vault maps discovered:
D:1:      lemuel_arrival_tunnels, layout_basic, serial_corexii_hall,
          corexii_hall_statues_deadend, chequers_hall_statues_wall_a
D:2:      layout_basic, serial_corexii_hall, chequers_hall_statues_wall_a,
          chequers_hall_statues_corner_a, serial_shops, shop_fountains,
          shapermc_ecumenical_altar_mp_ritualfount, basic_altar
D:3:      layout_basic
D:4:      layout_basic, lemuel_round_altar, kennysheep_generic_room_3,
          uniq_eustachio
D:5:      layout_cave_pools, minmay_statues_item
D:6:      layout_loops_corners, nicolae_yredelemnul_corpse_copse, temple_hall,
          minmay_fractal_squares_diagonal_5
D:7:      layout_layer_cave, nicolae_qazlal_style_of_elements,
          kiku_gazebo_pond_becter, dk_vineyard_3
D:8:      layout_rooms, grunt_gozag_statues, tgw_sif, lemuel_doored_altar,
          nicolae_uskayaw_en_pointe
D:9:      minmay_flawed_box, layout_small_grid, lair_entry_dummy,
          lightli_minifort, uniq_psyche
D:10:     okawaru_arena_lexackson, layout_loops_ring,
          nicolae_dithmenos_the_darkroom, mainiacjoe_overflow_cross_hatched,
          enter_bailey_2, serial_bayou_lagoon_a
D:11:     layout_basic, ebering_ghost_inner_flame, okawaru_altar_gauntlet_db
D:12:     layout_small_grid, orc_0_dummy, nicolae_ru_path_of_blood, uniq_azrael
D:13:     layout_irregular_city, skrybe_vaults_entry_preservation,
          serial_park_tiny_pond, ashenzari_altar_1, uniq_kirke, uniq_erolcha,
          uniq_rupert
Lair:1:   layout_loops_ring, uniq_fannar
Lair:2:   layout_gridlike, minmay_swamp_entry_swarm, basic_altar,
          serial_bayou_lagoon_b
Lair:3:   layout_regular_city, dummy_snake_entry, beast_lair_carwin_3,
          grunt_megastairs_2
Lair:4:   layout_cave_pods, eino_house_with_fridge, infiniplex_staircase_pool_2,
          grunt_megastairs_3
Lair:5:   layout_cave_pods, portal_ice_cave_rime
Lair:6:   wormcave, layout_gridlike, hangedman_lair_caniforms_friends,
          dpeg_slime_entry_corner
Orc:1:    layout_caves, uniq_urug
Orc:2:    st_orc_ogre_mass, layout_caves, nicolae_orc_sculptors_studio,
          uniq_maurice
Elf:1:    layout_geoelf_diagonals, gammafunk_ghost_berserking_beasts,
          minmay_elf_necromancy, minivault_16, uniq_asterion
Elf:2:    elven_hall_of_blades_hangedman_alternative
          [infiniplex_blade_entry_pillars], layout_geoelf_diagonals,
          minmay_misc_feat_ornament, hangedman_elven_pyramids, uniq_saint_roka

Skill      XL: |  1  2  3  4  5  6  7  8  9 10 11 12 13 14 15 16 |
---------------+-------------------------------------------------+-----
Stealth        | 1 2 3 4 5 7 8 10 12 13 15 16 17 | 17.0
Dodging        | 3 4 5 6 7 9 10 12 13 14 | 14.7
Short Blades   | 5 6 7 9 10 12 14 15 16 17 18 | 18.5
Fighting       | 4 5 6 7 8 10 11 12 13 | 13.7
Shields        | 1 2 3 4 5 6 7 8 9 10 | 10.2
Armour         | 2 4 5 |  5.7

Action                   |  1- 3 |  4- 6 |  7- 9 | 10-12 | 13-15 | 16-18 || total
-------------------------+-------+-------+-------+-------+-------+-------++-------
Melee: Short sword       |    74 |    71 |    11 |       |       |       ||   156
       Punch             |     2 |       |       |       |       |       ||     2
       Rapier            |       |       |   315 |   866 |  2035 |   309 ||  3525
       Unarmed           |       |       |       |       |       |     1 ||     1
Invok: Berserk           |     3 |     5 |    10 |    30 |    34 |    12 ||    94
       Trog's Hand       |       |       |       |       |     2 |       ||     2
       Brothers in Arms  |       |       |       |       |       |     1 ||     1
  Use: Scroll            |       |     5 |     2 |    17 |    14 |     5 ||    43
       Potion            |       |       |       |     8 |     1 |     6 ||    15
 Stab: Sleeping          |     9 |    14 |    23 |    23 |    54 |    10 ||   133
       Distracted        |       |       |     2 |     5 |     5 |     5 ||    17
Armor: Animal skin       |     3 |    18 |    53 |    24 |       |       ||    98
       Ring mail         |       |       |       |   118 |    79 |       ||   197
       Pearl dragon scal |       |       |       |       |   211 |    67 ||   278
Dodge: Dodged            |    24 |    37 |   169 |   351 |   798 |   129 ||  1508
Block: Buckler           |     3 |    11 |    58 |   155 |   467 |    60 ||   754
